Workbook
Name ____div1: Disclaimer!____div1
Name ____div1: [0]!____div1
Name ____eps96: #REF!
Name ____eps97: #REF!
Name ____eps98: #REF!
Name ___div1: Disclaimer!___div1
Name ___div1: [0]!___div1
Name ___div96: #REF!
Name ___div97: #REF!
Name ___div98: #REF!
Name ___eps96: #REF!
Name ___eps97: #REF!
Name ___eps98: #REF!
Name ___FIX1: #REF!
Name ___FIX2: #REF!
Name ___FIX3: #REF!
Name ___FIX4: #REF!
Name ___FIX5: #REF!
Name ___net96: #REF!
Name ___net97: #REF!
Name ___net98: #REF!
Name ___OP1: #REF!
Name ___OP2: #REF!
Name ___Q22005: Disclaimer!___Q22005
Name ___Q22005: [0]!___Q22005
Name __1__123Graph_AGRAFICO_20: [1]MensiCosti!$AG$7:$AG$19
Name __10__123Graph_FGRAFICO_20: [1]MensiCosti!$AQ$7:$AQ$19
Name __11__123Graph_LBL_AGRAFICO_20: [1]MensiCosti!$AG$6:$AG$6
Name __12__123Graph_LBL_BGRAFICO_20: [1]MensiCosti!$AH$6:$AH$6
Name __13__123Graph_LBL_CGRAFICO_20: [1]MensiCosti!$AI$6:$AI$6
Name __14__123Graph_LBL_DGRAFICO_20: [1]MensiCosti!$AJ$6:$AJ$6
Name __15__123Graph_LBL_EGRAFICO_20: [1]MensiCosti!$AP$5:$AP$5
Name __16__123Graph_LBL_FGRAFICO_20: [1]MensiCosti!$AQ$5:$AQ$5
Name __17__123Graph_XGRAFICO_8: '[1]Tav.22 Rischio di Credito'!$AI$30:$AI$41
Name __2__123Graph_AGRAFICO_7: '[1]Tav.22 Rischio di Credito'!$AJ$7:$AJ$29
Name __3__123Graph_AGRAFICO_8: '[1]Tav.22 Rischio di Credito'!$AJ$30:$AJ$41
Name __4__123Graph_BGRAFICO_20: [1]MensiCosti!$AH$7:$AH$19
Name __5__123Graph_BGRAFICO_7: '[1]Tav.22 Rischio di Credito'!$AK$7:$AK$29
Name __6__123Graph_BGRAFICO_8: '[1]Tav.22 Rischio di Credito'!$AK$30:$AK$41
Name __7__123Graph_CGRAFICO_20: [1]MensiCosti!$AI$7:$AI$19
Name __8__123Graph_DGRAFICO_20: [1]MensiCosti!$AJ$7:$AJ$19
Name __9__123Graph_EGRAFICO_20: [1]MensiCosti!$AP$7:$AP$19
Name __div1: Disclaimer!__div1
Name __div1: [0]!__div1
Name __div96: #REF!
Name __div97: #REF!
Name __div98: #REF!
Name __eps96: #REF!
Name __eps97: #REF!
Name __eps98: #REF!
Name __FIX1: #REF!
Name __FIX2: #REF!
Name __FIX3: #REF!
Name __FIX4: #REF!
Name __FIX5: #REF!
Name __net96: #REF!
Name __net97: #REF!
Name __net98: #REF!
Name __OP1: #REF!
Name __OP2: #REF!

Sheet Cover

Sheet FY 2026-2028 Consensus Report
B4: Consensus Report - DWS Group
B7: October 16, 2026 | C7: FY 2026E | H7: FY 2027E | M7: FY 2028E
B8: P&L (in € m) | C8: Average | D8: Minimum | E8: Maximum | F8: # est. | H8: Average | I8: Minimum | J8: Maximum | K8: # est. | M8: Average | N8: Minimum | O8: Maximum | P8: # est.
B9: Management Fees and other recurring revenues | C9: =AVERAGE([72]CIC:GS!B7) -> 2878.2718 | D9: =MIN([72]CIC:GS!B7) -> 2849.6087 | E9: =MAX([72]CIC:GS!B7) -> 2910.5074 | F9: =COUNT([72]CIC:GS!B7) -> 11 | H9: =AVERAGE([72]CIC:GS!C7) -> 3079.8368 | I9: =MIN([72]CIC:GS!C7) -> 2965 | J9: =MAX([72]CIC:GS!C7) -> 3125.9107 | K9: =COUNT([72]CIC:GS!C7) -> 11 | M9: =AVERAGE([72]CIC:GS!D7) -> 3261.9395 | N9: =MIN([72]CIC:GS!D7) -> 3134 | O9: =MAX([72]CIC:GS!D7) -> 3350.9021 | P9: =COUNT([72]CIC:GS!D7) -> 11
B10: Performance & Transaction Fees | C10: =AVERAGE([72]CIC:GS!B8) -> 254.83691 | D10: =MIN([72]CIC:GS!B8) -> 199.2 | E10: =MAX([72]CIC:GS!B8) -> 288.64759 | F10: =COUNT([72]CIC:GS!B8) -> 11 | H10: =AVERAGE([72]CIC:GS!C8) -> 179.35845 | I10: =MIN([72]CIC:GS!C8) -> 139.57642 | J10: =MAX([72]CIC:GS!C8) -> 210 | K10: =COUNT([72]CIC:GS!C8) -> 11 | M10: =AVERAGE([72]CIC:GS!D8) -> 223.87496 | N10: =MIN([72]CIC:GS!D8) -> 149.34677 | O10: =MAX([72]CIC:GS!D8) -> 323.79318 | P10: =COUNT([72]CIC:GS!D8) -> 11
B11: Other Revenues | C11: =AVERAGE([72]CIC:GS!B9) -> 181.22559 | D11: =MIN([72]CIC:GS!B9) -> 171.20153 | E11: =MAX([72]CIC:GS!B9) -> 199.2 | F11: =COUNT([72]CIC:GS!B9) -> 11 | H11: =AVERAGE([72]CIC:GS!C9) -> 188.51979 | I11: =MIN([72]CIC:GS!C9) -> 165 | J11: =MAX([72]CIC:GS!C9) -> 218.1216 | K11: =COUNT([72]CIC:GS!C9) -> 11 | M11: =AVERAGE([72]CIC:GS!D9) -> 194.66906 | N11: =MIN([72]CIC:GS!D9) -> 169 | O11: =MAX([72]CIC:GS!D9) -> 235.9289 | P11: =COUNT([72]CIC:GS!D9) -> 11
B12: Total net revenues | C12: =AVERAGE([72]CIC:GS!B10) -> 3314.3343 | D12: =MIN([72]CIC:GS!B10) -> 3277.79 | E12: =MAX([72]CIC:GS!B10) -> 3353.8074 | F12: =COUNT([72]CIC:GS!B10) -> 11 | H12: =AVERAGE([72]CIC:GS!C10) -> 3447.8059 | I12: =MIN([72]CIC:GS!C10) -> 3350 | J12: =MAX([72]CIC:GS!C10) -> 3520.9107 | K12: =COUNT([72]CIC:GS!C10) -> 11 | M12: =AVERAGE([72]CIC:GS!D10) -> 3680.3926 | N12: =MIN([72]CIC:GS!D10) -> 3573 | O12: =MAX([72]CIC:GS!D10) -> 3782.2386 | P12: =COUNT([72]CIC:GS!D10) -> 11
B13: Compensation and benefits | C13: =AVERAGE([72]CIC:GS!B11) -> -946.12758 | D13: =MIN([72]CIC:GS!B11) -> -956.79145 | E13: =MAX([72]CIC:GS!B11) -> -935.84693 | F13: =COUNT([72]CIC:GS!B11) -> 10 | H13: =AVERAGE([72]CIC:GS!C11) -> -949.12411 | I13: =MIN([72]CIC:GS!C11) -> -970.21242 | J13: =MAX([72]CIC:GS!C11) -> -901.69933 | K13: =COUNT([72]CIC:GS!C11) -> 10 | M13: =AVERAGE([72]CIC:GS!D11) -> -980.27116 | N13: =MIN([72]CIC:GS!D11) -> -1032.2254 | O13: =MAX([72]CIC:GS!D11) -> -942 | P13: =COUNT([72]CIC:GS!D11) -> 10
B14: General and administrative expenses | C14: =AVERAGE([72]CIC:GS!B12) -> -909.97653 | D14: =MIN([72]CIC:GS!B12) -> -927.19555 | E14: =MAX([72]CIC:GS!B12) -> -894.15318 | F14: =COUNT([72]CIC:GS!B12) -> 10 | H14: =AVERAGE([72]CIC:GS!C12) -> -928.81486 | I14: =MIN([72]CIC:GS!C12) -> -950.65787 | J14: =MAX([72]CIC:GS!C12) -> -899 | K14: =COUNT([72]CIC:GS!C12) -> 10 | M14: =AVERAGE([72]CIC:GS!D12) -> -957.04317 | N14: =MIN([72]CIC:GS!D12) -> -983.61791 | O14: =MAX([72]CIC:GS!D12) -> -904 | P14: =COUNT([72]CIC:GS!D12) -> 10
B15: Total noninterest expenses | C15: =AVERAGE([72]CIC:GS!B13) -> -1853.2005 | D15: =MIN([72]CIC:GS!B13) -> -1882.2261 | E15: =MAX([72]CIC:GS!B13) -> -1824.1647 | F15: =COUNT([72]CIC:GS!B13) -> 11 | H15: =AVERAGE([72]CIC:GS!C13) -> -1875.004 | I15: =MIN([72]CIC:GS!C13) -> -1904.9879 | J15: =MAX([72]CIC:GS!C13) -> -1845.5828 | K15: =COUNT([72]CIC:GS!C13) -> 11 | M15: =AVERAGE([72]CIC:GS!D13) -> -1939.1297 | N15: =MIN([72]CIC:GS!D13) -> -2006.6403 | O15: =MAX([72]CIC:GS!D13) -> -1882 | P15: =COUNT([72]CIC:GS!D13) -> 11
B16: Profit before tax | C16: =AVERAGE([72]CIC:GS!B14) -> 1461.2246 | D16: =MIN([72]CIC:GS!B14) -> 1417.11 | E16: =MAX([72]CIC:GS!B14) -> 1513.4016 | F16: =COUNT([72]CIC:GS!B14) -> 11 | H16: =AVERAGE([72]CIC:GS!C14) -> 1572.802 | I16: =MIN([72]CIC:GS!C14) -> 1492 | J16: =MAX([72]CIC:GS!C14) -> 1620.5103 | K16: =COUNT([72]CIC:GS!C14) -> 11 | M16: =AVERAGE([72]CIC:GS!D14) -> 1741.4448 | N16: =MIN([72]CIC:GS!D14) -> 1616.8598 | O16: =MAX([72]CIC:GS!D14) -> 1832.7555 | P16: =COUNT([72]CIC:GS!D14) -> 11
B17: Tax Rate | C17: =AVERAGE([72]CIC:GS!B15) -> 0.28327277 | D17: =MIN([72]CIC:GS!B15) -> 0.2772487 | E17: =MAX([72]CIC:GS!B15) -> 0.29634044 | F17: =COUNT([72]CIC:GS!B15) -> 10 | H17: =AVERAGE([72]CIC:GS!C15) -> 0.29840731 | I17: =MIN([72]CIC:GS!C15) -> 0.29 | J17: =MAX([72]CIC:GS!C15) -> 0.31 | K17: =COUNT([72]CIC:GS!C15) -> 10 | M17: =AVERAGE([72]CIC:GS!D15) -> 0.29726323 | N17: =MIN([72]CIC:GS!D15) -> 0.2875 | O17: =MAX([72]CIC:GS!D15) -> 0.305 | P17: =COUNT([72]CIC:GS!D15) -> 10
B18: Net income | C18: =AVERAGE([72]CIC:GS!B16) -> 1049.3672 | D18: =MIN([72]CIC:GS!B16) -> 1024.2181 | E18: =MAX([72]CIC:GS!B16) -> 1083.8301 | F18: =COUNT([72]CIC:GS!B16) -> 11 | H18: =AVERAGE([72]CIC:GS!C16) -> 1105.6268 | I18: =MIN([72]CIC:GS!C16) -> 1045 | J18: =MAX([72]CIC:GS!C16) -> 1134.3572 | K18: =COUNT([72]CIC:GS!C16) -> 11 | M18: =AVERAGE([72]CIC:GS!D16) -> 1225.4859 | N18: =MIN([72]CIC:GS!D16) -> 1131.8019 | O18: =MAX([72]CIC:GS!D16) -> 1282.9288 | P18: =COUNT([72]CIC:GS!D16) -> 11
B19: Kosten
B20: Resources / KPIs
B21: Management fee margin (in bps) | C21: =AVERAGE([72]CIC:GS!B19) -> 24.801989 | D21: =MIN([72]CIC:GS!B19) -> 24.5 | E21: =MAX([72]CIC:GS!B19) -> 25.179488 | F21: =COUNT([72]CIC:GS!B19) -> 11 | H21: =AVERAGE([72]CIC:GS!C19) -> 24.124099 | I21: =MIN([72]CIC:GS!C19) -> 23.192523 | J21: =MAX([72]CIC:GS!C19) -> 24.9 | K21: =COUNT([72]CIC:GS!C19) -> 11 | M21: =AVERAGE([72]CIC:GS!D19) -> 23.602907 | N21: =MIN([72]CIC:GS!D19) -> 21.950114 | O21: =MAX([72]CIC:GS!D19) -> 24.1 | P21: =COUNT([72]CIC:GS!D19) -> 11
B22: Assets under management (at period end, in € bn.) | C22: =AVERAGE([72]CIC:GS!B20) -> 1216.5345 | D22: =MIN([72]CIC:GS!B20) -> 1118.0832 | E22: =MAX([72]CIC:GS!B20) -> 1243.3073 | F22: =COUNT([72]CIC:GS!B20) -> 11 | H22: =AVERAGE([72]CIC:GS!C20) -> 1312.8788 | I22: =MIN([72]CIC:GS!C20) -> 1162.8065 | J22: =MAX([72]CIC:GS!C20) -> 1421.0738 | K22: =COUNT([72]CIC:GS!C20) -> 11 | M22: =AVERAGE([72]CIC:GS!D20) -> 1421.0373 | N22: =MIN([72]CIC:GS!D20) -> 1209.3188 | O22: =MAX([72]CIC:GS!D20) -> 1638.9078 | P22: =COUNT([72]CIC:GS!D20) -> 11
B23: Long-term Net flows (in € bn.) | C23: =AVERAGE([72]CIC:GS!B21) -> 44.652548 | D23: =MIN([72]CIC:GS!B21) -> 40.582759 | E23: =MAX([72]CIC:GS!B21) -> 49.607855 | F23: =COUNT([72]CIC:GS!B21) -> 5 | H23: =AVERAGE([72]CIC:GS!C21) -> 59.642078 | I23: =MIN([72]CIC:GS!C21) -> 50.828096 | J23: =MAX([72]CIC:GS!C21) -> 75.144932 | K23: =COUNT([72]CIC:GS!C21) -> 5 | M23: =AVERAGE([72]CIC:GS!D21) -> 71.892967 | N23: =MIN([72]CIC:GS!D21) -> 62.071127 | O23: =MAX([72]CIC:GS!D21) -> 94.827045 | P23: =COUNT([72]CIC:GS!D21) -> 5
B24: Net flows (in € bn.) | C24: =AVERAGE([72]CIC:GS!B22) -> 62.663504 | D24: =MIN([72]CIC:GS!B22) -> 54.218517 | E24: =MAX([72]CIC:GS!B22) -> 73.9 | F24: =COUNT([72]CIC:GS!B22) -> 11 | H24: =AVERAGE([72]CIC:GS!C22) -> 58.959315 | I24: =MIN([72]CIC:GS!C22) -> 51.189165 | J24: =MAX([72]CIC:GS!C22) -> 77.717265 | K24: =COUNT([72]CIC:GS!C22) -> 11 | M24: =AVERAGE([72]CIC:GS!D22) -> 66.231675 | N24: =MIN([72]CIC:GS!D22) -> 49.8 | O24: =MAX([72]CIC:GS!D22) -> 97.503825 | P24: =COUNT([72]CIC:GS!D22) -> 11
B25: Annualized net flows (% of BoP AuM) | C25: =AVERAGE([72]CIC:GS!B23) -> 0.05744198 | D25: =MIN([72]CIC:GS!B23) -> 0.049993515 | E25: =MAX([72]CIC:GS!B23) -> 0.068744186 | F25: =COUNT([72]CIC:GS!B23) -> 9 | H25: =AVERAGE([72]CIC:GS!C23) -> 0.049298913 | I25: =MIN([72]CIC:GS!C23) -> 0.041779428 | J25: =MAX([72]CIC:GS!C23) -> 0.062508492 | K25: =COUNT([72]CIC:GS!C23) -> 9 | M25: =AVERAGE([72]CIC:GS!D23) -> 0.052531678 | N25: =MIN([72]CIC:GS!D23) -> 0.043954172 | O25: =MAX([72]CIC:GS!D23) -> 0.068612781 | P25: =COUNT([72]CIC:GS!D23) -> 9
B27: Efficiency Ratios
B28: CIR | C28: =AVERAGE([72]CIC:GS!B26) -> 0.55912157 | D28: =MIN([72]CIC:GS!B26) -> 0.5474296 | E28: =MAX([72]CIC:GS!B26) -> 0.56766297 | F28: =COUNT([72]CIC:GS!B26) -> 11 | H28: =AVERAGE([72]CIC:GS!C26) -> 0.54385951 | I28: =MIN([72]CIC:GS!C26) -> 0.53262206 | J28: =MAX([72]CIC:GS!C26) -> 0.555 | K28: =COUNT([72]CIC:GS!C26) -> 11 | M28: =AVERAGE([72]CIC:GS!D26) -> 0.52703955 | N28: =MIN([72]CIC:GS!D26) -> 0.51543103 | O28: =MAX([72]CIC:GS!D26) -> 0.55 | P28: =COUNT([72]CIC:GS!D26) -> 11
B30: Per share data
B31: EPS (in €) | C31: 5.2445176 | D31: 5.1210905 | E31: 5.4191507 | F31: 11 | H31: 5.5255887 | I31: 5.22 | J31: 5.671786 | K31: 11 | M31: 6.1257929 | N31: 5.6590094 | O31: 6.4101442 | P31: 11
B32: Dividend per share (in €) | C32: 4.3384966 | D32: 3.2796378 | E32: 8.3089001 | F32: 11 | H32: 4.3184822 | I32: 3.39 | J32: 8.5107705 | K32: 11 | M32: 3.9652297 | N32: 3.6783561 | O32: 4.1665937 | P32: 11

Sheet Disclaimer
